 Dungeon Crawl Stone Soup version 0.31-a0-188-g5e087ee2ca (webtiles) character file.

Game seed: 2097141215359457693

534 qw the Skirmisher (level 7, -3/40 HPs)
             Began as a Deep Elf Hunter on June 22, 2023.
             Killed from afar by an orc wizard (9 damage)
             ... with a magic dart
             ... on level 5 of the Dungeon.
             The game lasted 00:01:11 (3336 turns).

qw the Skirmisher (Deep Elf Hunter)                 Turns: 3336, Time: 00:01:11

Health: -3/40      AC:  6    Str: 10    XL:     7   Next: 4%
Magic:  9/9        EV: 13    Int: 14    God:
Gold:   293        SH:  0    Dex: 18    Spells: 6/6 levels left

rFire   . . .        Y - +0 shortbow (flame)
rCold   . . .        (shield currently unavailable)
rNeg    . . .        c - +0 leather armour
rPois   .            (no helmet)
rElec   .            (no cloak)
rCorr   .            m - +2 pair of gloves
SInv    .            (no boots)
Will    .....        j - amulet of faith
Stlth   ++           (no ring)
HPRegen 0.26/turn    (no ring)
MPRegen 0.11/turn

%: faith
@: no status effects
A: no striking features
a: no special abilities


You were on level 5 of the Dungeon.
You visited 1 branch of the dungeon, and saw 5 of its levels.

You collected 293 gold pieces.


   Skills:
 - Level 2.0 Fighting
 + Level 10.3 Ranged Weapons
 - Level 4.1 Dodging
 - Level 1.2 Stealth


You had 6 spell levels left.
You didn't know any spells.
Your spell library was empty.

Inventory:

Hand Weapons
 Y - a +0 shortbow of flaming (weapon)
Armour
 c - a +0 leather armour (worn)
 m - a +2 pair of gloves (worn)
Jewellery
 g - an amulet of regeneration
 j - an amulet of faith (around neck)
 l - a ring of fire
Scrolls
 a - a scroll of identify
Potions
 d - 2 potions of curing
 e - 2 potions of might
 f - a potion of mutation {unknown}
 h - a potion of cancellation {unknown}
 i - a potion of resistance
 k - 2 potions of haste

Dungeon Overview and Level Annotations

Branches:
Dungeon (5/15)
 Temple: D:4-7

Altars:
Ashenzari

Shops:
D:3 (


Message History

The arrow hits the iguana but does no damage.
The iguana is moderately wounded.
The iguana barely misses you. The adder closely misses you.
You shoot an arrow.
The arrow hits the iguana but does no damage.
The iguana is moderately wounded.
The orc wizard mumbles some strange words.
The orc wizard flickers and vanishes!
Deactivating autopickup; reactivate with Ctrl-A.
The iguana barely misses you. The orc wizard completely misses you.
The adder closely misses you.
You shoot an arrow. The arrow closely misses the iguana.
The adder bites you but does no damage.
The iguana bites you but does no damage.
The orc wizard misses you.
You shoot an arrow. The arrow hits the iguana.
The arrow burns the iguana.
The iguana is heavily wounded.
The adder bites you. The iguana bites you.
The orc wizard hits you but does no damage.
You shoot an arrow. The arrow hits the iguana!
The arrow burns the iguana.
You kill the iguana!
The adder barely misses you.
The orc wizard hits you but does no damage.
The adder bites you but does no damage.
You have reached level 7!
You shoot an arrow.
The arrow closely misses the orc wizard.
The adder bites you but does no damage.
A puff of flame appears from out of thin air!
The puff of flame hits you.
The orc wizard gestures at you while chanting.
The puff of flame hits you!
You shoot an arrow. The arrow hits the orc wizard.
The arrow burns the orc wizard.
The orc wizard is lightly wounded.
The adder closely misses you.
The orc wizard hits you but does no damage.
A magic dart appears from out of thin air!
The magic dart hits you!
You die...

#.#
#.......########
#.####.##.#..#
#.........#..#
######.......#
#..#.#..#
#.......#
##.#....#
#.#..o.#
#....S@#
###..)## #...#
#..{# #...#
....) ......
.......
##.#...oS


You could see an orc wizard and an adder.

Vanquished Creatures
  2 ogres (D:5)
  2 scorpions (D:4)
  A jelly (D:4)
  An iguana (D:5)
  An orc wizard (D:5)
  3 gnolls (D:3)
  5 adders
  5 worms
  A dart slug (D:3)
  7 orcs
  4 bats
  5 endoplasms
  3 giant cockroaches
  8 goblins
  6 hobgoblins
  4 kobolds
  4 quokkas
  9 ball pythons
  4 frilled lizards
  4 rats
79 creatures vanquished.

Notes
Turn   | Place    | Note
-------+----------+-------------------------------------------
     0 | D:1      | qw the Deep Elf Hunter began the quest for the Orb.
     0 | D:1      | Reached XP level 1. HP: 12/12 MP: 3/3
     0 | D:1      | 0 ||| qw: Version: 0.3-a-9-g12657ce
     0 | D:1      | 0 ||| qw: Game counter: 2949
     0 | D:1      | 0 ||| qw: Always use a shield: true
     0 | D:1      | 0 ||| qw: God list: Okawaru
     0 | D:1      | 0 ||| qw: Allow faded altars: false
     0 | D:1      | 0 ||| qw: Do Orc after D:15 true
     0 | D:1      | 0 ||| qw: Do second Lair branch before Depths: true
     0 | D:1      | 0 ||| qw: Lair rune preference: random
     0 | D:1      | 0 ||| qw: Plans: Normal
     0 | D:1      | 0 ||| PLANNING D:1-11
    52 | D:1      | You fall into a shaft and drop 1 floor!
   148 | D:2      | 148 ||| DROPPING scroll of butterflies.
   248 | D:1      | Reached skill level 6 in Ranged Weapons
   248 | D:1      | Reached XP level 2. HP: 16/16 MP: 4/4
   677 | D:1      | 677 ||| READING 2 scrolls labelled ZILOTY WODISE.
   678 | D:1      | 678 ||| DRINKING 2 lumpy purple potions.
   758 | D:2      | Reached XP level 3. HP: 20/20 MP: 5/5
  1003 | D:2      | Reached skill level 7 in Ranged Weapons
  1081 | D:2      | Reached XP level 4. HP: 18/25 MP: 6/6
  1221 | D:2      | Identified the +0 short sword "Saneises" {drain, rN+ Int+2
                  | Dex+3 Stlth+}
  1473 | D:2      | 1473 ||| READING scroll labelled QOZALO PAXZIAX.
  1518 | D:2      | 1518 ||| READING scroll labelled ZOACRO DIAMPOWUN.
  1519 | D:2      | 1519 ||| READING 3 scrolls of identify.
  1519 | D:2      | 1519 ||| IDENTIFYING lumpy green potion
  1520 | D:2      | 1520 ||| READING 2 scrolls of identify.
  1520 | D:2      | 1520 ||| IDENTIFYING white potion
  1521 | D:2      | 1521 ||| DROPPING potion of degeneration.
  1570 | D:3      | Found a broken altar of Ashenzari.
  1713 | D:3      | Reached skill level 8 in Ranged Weapons
  1829 | D:3      | Found Moetz's Weapon Shoppe.
  1837 | D:3      | 1837 ||| SHOPLISTING +7 shortbow of Zin {heavy, rF- Str+7}
                  | (771 gold, have 186).
  1900 | D:3      | Reached XP level 5. HP: 20/29 MP: 7/7
  2213 | D:3      | 2213 ||| UPGRADING to +0 pair of gloves.
  2218 | D:3      | 2218 ||| UPGRADING to amulet of regeneration.
  2223 | D:3      | 2223 ||| UPGRADING to amulet of faith.
  2233 | D:3      | 2233 ||| READING scroll labelled TOITE ISIGH.
  2234 | D:3      | 2234 ||| READING scroll labelled TUELITH DUEHYS.
  2235 | D:3      | 2235 ||| DRINKING 2 fizzy black potions.
  2304 | D:4      | Reached skill level 9 in Ranged Weapons
  2308 | D:4      | 2308 ||| FLEEEEING.
  2599 | D:4      | 2599 ||| READING scroll labelled QOCUTW ZUUJEFE.
  2810 | D:4      | Reached skill level 3 in Dodging
  2810 | D:4      | Reached XP level 6. HP: 25/34 MP: 8/8
  3098 | D:4      | 3098 ||| UPGRADING to +2 pair of gloves.
  3108 | D:4      | 3108 ||| DROPPING +0 pair of gloves.
  3109 | D:4      | 3109 ||| DRINKING 2 cyan potions.
  3138 | D:5      | Entered Level 5 of the Dungeon
  3253 | D:5      | Reached skill level 10 in Ranged Weapons
  3322 | D:5      | 3322 ||| Stepping ~*~*~tactically~*~*~ (outnumbered).
  3335 | D:5      | Reached XP level 7. HP: 19/40 MP: 9/9
  3335 | D:5      | HP: 6/40 [orc wizard/puff of flame (7)]
  3336 | D:5      | Killed from afar by an orc wizard

Levels and vault maps discovered:
D:1:      dpeg_arrival_solitude, layout_loops_ring, minmay_liquid_box
D:2:      layout_loops_corners
D:3:      layout_loops_ring, mainiacjoe_overflow_tiny_flanked, serial_shops,
          nicolae_shop_tiny_statue_garden
D:4:      layout_loops_corners, serial_bayou_lagoon_a
D:5:      layout_loops_cross

Skill      XL: |  1  2  3  4  5  6 |
---------------+-------------------+-----
Ranged Weapons | 6 7 8 9 10 | 10.3
Dodging        | 3 4 |  4.1
Fighting       | 2 |  2.0
Stealth        | |  1.2

Action                     |  1- 3 |  4- 6 |  7- 9 || total
---------------------------+-------+-------+-------++-------
   Fire: Shortbow          |   117 |   156 |     2 ||   275
    Use: Scroll            |     1 |     7 |       ||     8
         Potion            |     1 |     2 |       ||     3
 Armour: Leather armour    |     8 |    13 |     2 ||    23
  Dodge: Dodged            |    43 |    33 |     1 ||    77

Table legend:
 A = Non-vault XP
 B = Vault XP
 C = Vault XP percentage of total XP
 D = Non-vault monster count
 E = Vault monster count
 F = Vault count percentage of total count
                 A         B        C        D         E       F
            +---------+---------+-------+---------+---------+-------
      Total |     763 |       0 |   0.0 |      79 |       0 |   0.0
            +---------+---------+-------+---------+---------+-------
        D:1 |      35 |       0 |   0.0 |      21 |       0 |   0.0
        D:2 |      75 |       0 |   0.0 |      15 |       0 |   0.0
        D:3 |      90 |       0 |   0.0 |      18 |       0 |   0.0
        D:4 |     245 |       0 |   0.0 |      19 |       0 |   0.0
        D:5 |     318 |       0 |   0.0 |       6 |       0 |   0.0
            +---------+---------+-------+---------+---------+-------
